 Dungeon Crawl Stone Soup version 0.23-a0-270-gab6feb3 (webtiles) character file.

1383 women the Chopper (level 8, -7/61 HPs)
             Began as a Formicid Fighter on Oct 1, 2018.
             Was a High Priest of Jiyva.
             Mangled by an orc warrior
             ... wielding a +0 scimitar
              (27 damage)
             ... on level 7 of the Dungeon.
             The game lasted 00:04:50 (4935 turns).

women the Chopper (Formicid Fighter)                Turns: 4935, Time: 00:04:50

Health: -7/61      AC:  9    Str: 21    XL:     8   Next: 99%
Magic:  10/10      EV:  9    Int:  8    God:    Jiyva [*****.]
Gold:   101        SH: 10    Dex: 12    Spells: 7/7 levels left

rFire    . . .     SeeInvis +   a - +0 war axe
rCold    + . .     Gourm    .   c - +0 shield
rNeg     + . .     Faith    .   b - +0 scale mail
rPois    .         Spirit   .   (helmet unavailable)
rElec    .         Reflect  .   B - +0 cloak
rCorr    +         Harm     +   (no gloves)
MR       .....                  q - +0 pair of boots
Stlth    ..........             t - amulet of harm
HPRegen  0.20/turn              v - ring of protection from cold
MPRegen  0.12/turn              s - ring of positive energy

@: drained
A: permanent stasis, dig shafts and tunnels, four strong arms, antennae 3,
mutation resistance 1
a: Dig, Shaft Self, Request Jelly, Slimify, Cure Bad Mutation, Renounce Religion


You were on level 7 of the Dungeon.
You worshipped Jiyva.
Jiyva was extremely pleased with you.
You were not hungry.

You visited 1 branch of the dungeon, and saw 7 of its levels.

You collected 166 gold pieces.
You spent 65 gold pieces at shops.

Inventory:

Hand Weapons
 a - a +0 war axe (weapon)
Armour
 b - a +0 scale mail (worn)
 c - a +0 shield (worn)
 q - a +0 pair of boots (worn)
 B - a +0 cloak (worn)
Jewellery
 s - a ring of positive energy (right hand)
 t - an amulet of harm (around neck)
 v - a ring of protection from cold (left hand)
Wands
 h - a wand of random effects (22)
 y - a wand of polymorph (20)
Scrolls
 e - 3 scrolls of teleportation {unknown}
 i - a scroll of enchant armour {unknown}
 j - 5 scrolls of identify {unknown}
 m - a scroll of enchant weapon {unknown}
 p - a scroll of amnesia {unknown}
 r - 3 scrolls of magic mapping {unknown}
 x - 2 scrolls of remove curse {unknown}
 C - a scroll of fear {unknown}
Potions
 d - a potion of cancellation {unknown}
 g - a potion of haste
 k - 3 potions of heal wounds
 l - 2 potions of lignification {unknown}
 n - 3 potions of invisibility {unknown}
 o - 2 potions of curing {unknown}
 u - a potion of degeneration {unknown}
 w - 2 potions of mutation {unknown}
 z - a potion of brilliance {unknown}
Comestibles
 f - 13 rations


   Skills:
 + Level 4.4(4.1) Fighting
 * Level 7.7(7.4) Axes
 + Level 5.1(4.7) Armour
 + Level 2.1(1.8) Dodging
 + Level 5.4(5.0) Shields
 * Level 3.3(3.0) Evocations


You had 7 spell levels left.
You didn't know any spells.
Your spell library was empty.

Dungeon Overview and Level Annotations

Branches:
Dungeon (7/15)             Temple (0/1) D:4

Altars:
Ashenzari
Elyvilon
Vehumet
Xom
The Shining One
Jiyva

Shops:
D:5 *


Innate Abilities, Weirdness & Mutations

You cannot be hasted, slowed, berserked, paralysed or teleported.
You can dig through walls and to a lower floor.
Your four strong arms can wield two-handed weapons with a shield.
You have a pair of large antennae on your head. (SInv)
You are somewhat resistant to further mutation.


Message History

You are too injured to fight recklessly!
You are too injured to fight recklessly!
You are too injured to fight recklessly!
Unknown command.
You are too injured to fight recklessly!
Unknown command.
You are too injured to fight recklessly!
Unknown command.
You closely miss the hound.
The hound is heavily wounded.
Your shield and scale mail prevent you from hitting the orc warrior.
The hound barely misses you.
The orc warrior hits you with a scimitar!
You block the hound's attack.
Unknown command.
You hit the hound.
The hound is severely wounded.
You hit the orc warrior. The hound bites you but does no damage.
The orc warrior hits you with a scimitar!!
You die...

## .. #. .. {
.##.#.##########
%....oh@†(.....#
###.##o####(.#.#
#........#
#..###...#
#..#<....#
#..#.#†..#
.....#...#
######...#
##.#..


You could see an orc warrior, a hound and an orc priest.

Vanquished Creatures
  Sigmund (D:5)
  2 ice beasts
  A necrophage (D:6)
  A phantom (D:6)
  A big kobold (D:7)
  A bullfrog (D:7)
  A wyvern zombie (D:5)
  A scorpion (D:6)
  3 wights (D:6)
  A crimson imp (D:5)
  2 orc priests
  A bullfrog skeleton (D:5)
  4 orc wizards
  2 worker ants
  2 iguanas
  6 adders
  3 worms
  2 dart slugs
  10 leopard geckos
  17 orcs
  12 bats
  3 giant cockroaches
  15 goblins
  14 hobgoblins
  8 jackals
  3 quokkas
  3 ball pythons
  A ball python skeleton (D:6)
  3 frilled lizards
  14 kobolds
  10 rats
148 creatures vanquished.

Vanquished Creatures (others)
  A phantom (D:5)
  A necrophage (D:5)
  A bullfrog (D:6)
  A scorpion (D:5)
  2 howler monkeys (D:5)
  8 jellies
  2 orc wizards (D:4)
  4 worker ants
  An adder (D:6)
  A shadow imp (D:6)
  An ooze (D:5)
  A worm (D:5)
  6 orcs (D:4)
  A goblin (D:5)
  A quokka (D:5)
32 creatures vanquished.

Grand Total: 180 creatures vanquished

Notes
Turn   | Place    | Note
-------+----------+-------------------------------------------
     0 | D:1      | women the Formicid Fighter began the quest for the Orb.
     0 | D:1      | Reached XP level 1. HP: 18/18 MP: 1/1
    44 | D:1      | Reached XP level 2. HP: 4/24 MP: 2/2
   370 | D:1      | Reached XP level 3. HP: 18/29 MP: 3/3
   748 | D:1      | Reached skill level 3 in Axes
   905 | D:1      | Reached XP level 4. HP: 31/35 MP: 4/4
  1107 | D:2      | Found a sparkling altar of Nemelex Xobeh.
  1109 | D:2      | Found a radiant altar of Vehumet.
  1109 | D:2      | Found an iron altar of Okawaru.
  1111 | D:2      | Found a glowing silver altar of Zin.
  1111 | D:2      | Found a shimmering altar of Xom.
  1111 | D:2      | Found a snail-covered altar of Cheibriados.
  1683 | D:3      | Reached XP level 5. HP: 22/41 MP: 5/5
  2015 | D:3      | Reached skill level 4 in Axes
  2287 | D:3      | Found a faded altar of an unknown god.
  2302 | D:3      | Became a worshipper of Jiyva Jomucrep the Shapeless
  2302 | D:3      | Reached * piety under Jiyva
  2508 | D:4      | Reached skill level 1 in Dodging
  2508 | D:4      | Reached XP level 6. HP: 44/48 MP: 6/6
  2542 | D:4      | Reached ** piety under Jiyva
  2656 | D:4      | Reached skill level 1 in Evocations
  2807 | D:4      | Found a glowing golden altar of the Shining One.
  2887 | D:4      | Found a staircase to the Ecumenical Temple.
  2957 | D:4      | Reached *** piety under Jiyva
  2957 | D:4      | Gained mutation: You have a small jelly attached to you
                  | that may absorb incoming projectiles. [Jiyva's grace]
  2968 | D:5      | Entered Level 5 of the Dungeon
  2972 | D:5      | Noticed Sigmund
  3195 | D:5      | Killed a necrophage
  3204 | D:5      | Killed Sigmund
  3204 | D:5      | Reached skill level 5 in Axes
  3204 | D:5      | Reached XP level 7. HP: 26/54 MP: 6/8
  3456 | D:5      | Reached **** piety under Jiyva
  3465 | D:5      | Lost mutation: You have a small jelly attached to you that
                  | may absorb incoming projectiles. [Jiyva's grace]
  3590 | D:5      | Reached skill level 6 in Axes
  3704 | D:5      | Found a white marble altar of Elyvilon.
  3831 | D:5      | Found Wenuacij's General Store.
  3838 | D:5      | Bought a potion of heal wounds for 65 gold pieces
  3950 | D:5      | Found a radiant altar of Vehumet.
  4000 | D:6      | Reached XP level 8. HP: 39/60 MP: 9/9
  4283 | D:6      | Reached skill level 5 in Shields
  4330 | D:6      | Reached skill level 7 in Axes
  4422 | D:6      | Reached ***** piety under Jiyva
  4509 | D:6      | Gained mutation: You are somewhat resistant to further
                  | mutation. [Jiyva's grace]
  4693 | D:6      | Found a shattered altar of Ashenzari.
  4814 | D:6      | Reached skill level 5 in Armour
  4935 | D:7      | Mangled by an orc warrior

Vault maps used:
D:1:      dpeg_arrival_rooms_a
D:2:      doesnt_xom_only_xom, serial_curves, eino_curves_01, eino_curves_02,
          first_ration, nrook_mini_vaults, uniq_crazy_yiuf_cottage
D:3:      chequers_ecumenical_altar_island
D:4:      nicolae_overflow_hidden_temple, lemuel_temple_firewalk_b
D:5:      kennysheep_little_box, kennysheep_mini_moat, serial_shops, shop,
          uniq_sigmund
D:6:      lemuel_doored_altar

Skill      XL: |  1  2  3  4  5  6  7  8 |
---------------+-------------------------+-----
Axes           | 3 4 5 6 7 |  7.7
Shields        | 4 5 |  5.4
Dodging        | 1 2 |  2.1
Armour         | 4 5 |  5.1
Evocations     | 1 2 3 |  3.3
Fighting       | 4 |  4.4

Action                   |  1- 3 |  4- 6 |  7- 9 || total
-------------------------+-------+-------+-------++-------
Melee: War axe           |   123 |   175 |   188 ||   486
  Use: Potion            |       |     1 |     2 ||     3
  Eat: Chunk             |       |     6 |     1 ||     7
Armor: Scale mail        |    82 |    77 |    60 ||   219
Dodge: Dodged            |    52 |    86 |    47 ||   185
Block: Shield            |    98 |   108 |    98 ||   304

Table legend:
 A = Non-vault XP
 B = Vault XP
 C = Vault XP percentage of total XP
 D = Non-vault monster count
 E = Vault monster count
 F = Vault count percentage of total count
                 A         B        C        D         E       F
            +---------+---------+-------+---------+---------+-------
      Total |    1750 |     227 |  11.5 |     147 |       1 |   0.7
            +---------+---------+-------+---------+---------+-------
        D:1 |      69 |       0 |   0.0 |      37 |       0 |   0.0
        D:2 |      41 |       0 |   0.0 |      23 |       0 |   0.0
        D:3 |     155 |       0 |   0.0 |      31 |       0 |   0.0
        D:4 |     125 |       0 |   0.0 |      11 |       0 |   0.0
        D:5 |     326 |     227 |  41.0 |      16 |       1 |   5.9
        D:6 |     782 |       0 |   0.0 |      18 |       0 |   0.0
        D:7 |     252 |       0 |   0.0 |      11 |       0 |   0.0
            +---------+---------+-------+---------+---------+-------
